 Dungeon Crawl Stone Soup version 0.30-a0-576-g89cddaab80 (webtiles) character file.

Game seed: 191193940535247851

30367 Newt the Skirmisher (level 13, -4/83 HPs)
             Began as a Demonspawn Gladiator on Dec 30, 2022.
             Was a High Priest of Hepliaklqana.
             Slain by a harpy simulacrum (12 damage)
             ... in a Gauntlet.
             The game lasted 00:21:33 (13737 turns).

Newt the Skirmisher (Demonspawn Gladiator)         Turns: 13737, Time: 00:21:34

Health: -4/83      AC:  8    Str: 16    XL:     13   Next: 20%
Magic:  22/22      EV: 16    Int: 11    God:    Hepliaklqana [*****.]
Gold:   1787       SH:  5    Dex: 20    Spells: 21/24 levels left

rFire   + + .      SeeInvis .    x - +9 sling of the Crypt {elec, rPois Dex+3}
rCold   . . .      Faith    .    (no shield)
rNeg    . . .      Spirit   .    T - +1 ring mail "Wozeuts" {rF+}
rPois   +          Reflect  +    c - +0 helmet
rElec   .          Harm     .    (cloak unavailable)
rCorr   .          Rampage  .    (no gloves)
Will    .....      NoTele   +    (no boots)
Stlth   ++                       p - amulet of reflection
HPRegen 0.33/turn                q - +4 ring of slaying
MPRegen 0.18/turn                Z - ring of protection from fire

@: no status effects
A: reduced essence, claws 2, hooves 2, ignite blood 1, weakness stinger 3
a: Renounce Religion, Recall Ancestor, Ancestor Identity, Transference, Idealise


You were in a Gauntlet.
You worshipped Hepliaklqana.
Hepliaklqana was extremely pleased with you.
You visited 3 branches of the dungeon, and saw 15 of its levels.
You also visited: Ossuary and Gauntlet.

You collected 1787 gold pieces.

Inventory:

Hand Weapons
 a - a +0 rapier
 n - a +2 flail of flaming
 x - the +9 sling of the Crypt (weapon) {elec, rPois Dex+3}
   (You took it off a gnoll on level 4 of the Dungeon)

   Any ammunition fired from it occasionally discharges a powerful burst of
   electricity upon striking a foe.
   Dex:       It affects your dexterity (+3).
   rPois:     It protects you from poison.
 L - a +0 demon whip of venom
Missiles
 d - a throwing net
 e - 9 javelins
Armour
 c - a +0 helmet (worn)
 T - the +1 ring mail "Wozeuts" (worn) {rF+}
   (You found it on level 10 of the Dungeon)

   rF:        It protects you from fire.
 W - a +0 troll leather armour
Jewellery
 b - a +6 ring of dexterity
 k - an amulet of the acrobat
 m - a ring of fire
 p - an amulet of reflection (around neck)
 q - a +4 ring of slaying (left claw)
 r - a +6 ring of dexterity
 t - the ring "Heyzitz" {rElec rF- Dex+5 SInv}
   (You acquired it on level 6 of the Dungeon)

   [ring of see invisible]

   Dex:       It affects your dexterity (+5).
   rF:        It makes you vulnerable to fire.
   rElec:     It insulates you from electricity.
   SInv:      It lets you see invisible.
 N - a +4 ring of protection
 Q - an amulet of guardian spirit
 U - a ring of willpower
 Z - a ring of protection from fire (right claw)
Wands
 u - a wand of roots (15)
 v - a wand of digging (9)
 V - a wand of flame (11)
Scrolls
 f - 6 scrolls of immolation
 o - 2 scrolls of brand weapon
 s - 5 scrolls of enchant armour
 y - 3 scrolls of fear
 B - 6 scrolls of teleportation
 H - a scroll of fog
 I - 4 scrolls of identify
 K - a scroll of amnesia
 S - a scroll of blinking
 Y - a scroll of enchant weapon
Potions
 g - a potion of heal wounds
 h - 3 potions of cancellation
 i - 3 potions of magic
 j - 4 potions of attraction
 l - 2 potions of ambrosia
 z - 2 potions of lignification
 A - a potion of berserk rage
 D - 9 potions of curing
 E - 2 potions of might
 F - 3 potions of flight
 G - a potion of mutation
 J - 2 potions of resistance
 O - 3 potions of brilliance
 X - a potion of haste
Miscellaneous
 R - a phantom mirror


   Skills:
 - Level 6.0 Fighting
 - Level 2.6 Short Blades
 - Level 8.0 Maces & Flails
 - Level 10.0 Ranged Weapons
 - Level 4.0 Throwing
 - Level 6.0 Armour
 - Level 8.0 Dodging
 - Level 4.0 Stealth
 - Level 6.0 Spellcasting
 - Level 6.0 Hexes
 - Level 8.0 Fire Magic
 + Level 0.0 Evocations


You had 21 spell levels left.
You knew the following spells:

 Your Spells              Type           Power      Damage    Failure   Level
a - Inner Flame           Hex/Fire       18%        N/A       5%          3

Your spell library contained the following spells:

 Spells                   Type           Power      Damage    Failure   Level
 Cause Fear               Hex            8%         N/A       28%         4
 Cigotuvi's Dreadful Rot  Necr/Pois/Air  6%         N/A       45%         2
 Dispel Undead            Necr           3%         3d7       97%         4
 Manifold Assault         Tloc           3%         N/A       97%         4
 Iskenderun's Battlesphe  Conj           3%         2d6       100%        5
 Death Channel            Necr           1%         N/A       100%        6
 Dispersal                Tloc           1%         N/A       100%        6
 Iron Shot                Conj/Erth      1%         9d1       100%        6
 Spellforged Servitor     Conj/Summ      1%         N/A       100%        7
 Discord                  Hex            8%         N/A       100%        8
 Disjunction              Tloc           1%         N/A       100%        8


Dungeon Overview and Level Annotations

Branches:
Dungeon (11/15)            Temple (1/1) D:4            Lair (3/5) D:11
 Shoals (0/4) Lair:2        Snake (0/4) Lair:2          Orc (0/2) D:9
Ossuary (visited)         Gauntlet (1/1)

Altars:
Ashenzari
Cheibriados
Dithmenos
Fedhas
Gozag
Hepliaklqana
Kikubaaqudgha
Makhleb
Nemelex Xobeh
Okawaru
Qazlal
Ru
Sif Muna
Trog
Uskayaw
Vehumet
Wu Jian
Xom
Yredelemnul

Annotations:
Gauntlet 7 transporters


Innate Abilities, Weirdness & Mutations

Your life essence is reduced to manifest your ancestor. (-10% HP)
You have very sharp fingernails.
You have hoof-like feet.
Your demonic aura sometimes causes spilled blood to erupt in flames.
You have a sharp stinger which inflicts weakening toxins.


Message History

You enter the transporter and appear at another place.
You swap places.
There is a transporter here.
You enter the transporter and appear at another place.
Something claws Sextus but does no damage.
Sextus blocks something's attack.
The centaur warrior simulacrum hits you but does no damage.
The centaur warrior simulacrum barely misses you.
The centaur warrior simulacrum attacks as you move away!
The centaur warrior simulacrum misses you.
The centaur warrior simulacrum kicks you but does no damage.
You block the harpy simulacrum's attack.
The harpy simulacrum claws you. The harpy simulacrum freezes you!
You block the harpy simulacrum's attack.
The harpy simulacrum barely misses you. x2; The harpy simulacrum misses you.
The harpy simulacrum attacks as you move away!
The harpy simulacrum closely misses you.
The harpy simulacrum claws you but does no damage.
The centaur warrior simulacrum hits you.
The centaur warrior simulacrum freezes you!!
You block the centaur warrior simulacrum's attack.
The harpy simulacrum closely misses you.
The harpy simulacrum barely misses you.
You block the harpy simulacrum's attack.
The harpy simulacrum claws you. The harpy simulacrum freezes you!
The harpy simulacrum barely misses you. The harpy simulacrum misses you.
The harpy simulacrum closely misses you.
The harpy simulacrum claws you!
* * * LOW HITPOINT WARNING * * *
The harpy simulacrum freezes you!
* * * LOW HITPOINT WARNING * * *
The centaur warrior simulacrum attacks as you move away!
The centaur warrior simulacrum misses you.
The centaur warrior simulacrum kicks you but does no damage.
The centaur warrior simulacrum barely misses you. x2
The harpy simulacrum is engulfed in blazing flames.
The harpy simulacrum claws you.
* * * LOW HITPOINT WARNING * * *
The harpy simulacrum freezes you!
You die...

##..###########..#####
#≈..##.......##..#.#..
##..#.#.....#.#..#[.#.
#≈..#..#...#..#..##..#
##..#=..#.#...####.#.P
#§..#©...#©...#©©#©.#. #.
##..#?..#R#...####.#.. ...
#≈..#$Z#Z..#..#..##..#
#..###..#@#.....#.#..#(.#.
#....#..##ZZZ....##..#.#..
#...©#..###########..#####
#....#....................
#....#.∩..................
#...©#..#########..#######
#....#..#.......#..#......
...###..#[...##.#..#?####.
#.. #≈..#=...##.####.#..##


You could see a harpy simulacrum and 3 centaur warrior simulacra.

Vanquished Creatures
  Snorg (D:11)
  A hydra (Lair:2)
  Erica (Lair:2)
  A two-headed ogre (D:11)
  Urug (Lair:2)
  Pikel (D:5)
  A cyclops (D:11)
  A manticore (D:11)
  3 elephants (Lair:2)
  3 black mambas
  An orange demon (D:8)
  5 cane toads
  An unseen horror (D:10)
  2 kobold demonologists (D:10)
  8 komodo dragons
  A rime drake (Lair:2)
  A troll (D:11)
  A polar bear (Lair:1)
  3 hornets
  Prince Ribbit (Lair:2)
  A raiju (Gauntlet)
  3 blink frogs
  A shadow (D:10)
  2 wyverns
  A vampire (D:10)
  3 wraiths
  21 yaks
  Grum (D:10)
  3 chaos spawn (Gauntlet)
  3 steam dragons
  Menkaure (Ossuary)
  A naga (Lair:2)
  9 water moccasins
  2 orc warriors
  3 black bears
  A sky beast (D:6)
  A swamp drake (D:9)
  2 ice beasts (D:5)
  6 wolves
  4 centaurs
  A phantom (D:7)
  A lemure (D:5)
  3 kobold brigands
  2 elf zombies (Ossuary)
  2 gnoll sergeants
  2 scorpions (D:5)
  13 bullfrogs
  9 wights
  5 killer bees (D:10)
  3 howler monkeys
  2 electric eels
  A centaur zombie (Ossuary)
  3 jellies
  8 orc priests
  A gnoll bouda (D:4)
  9 hounds
  Jessica (D:3)
  Natasha (thrice) (D:3)
  7 orc wizards
  2 ogre zombies (Ossuary)
  5 mummies (Ossuary)
  18 gnolls
  6 adders
  A shadow imp (D:6)
  2 white imps
  An ufetubus (D:7)
  2 adder zombies (Ossuary)
  3 worms
  A dart slug (D:2)
  29 orcs
  2 bats (D:1)
  4 endoplasms
  3 giant cockroaches
  A gnoll zombie (Ossuary)
  11 goblins
  7 hobgoblins
  4 jackals (D:2)
  16 kobolds
  2 quokkas
  5 ball pythons
  3 frilled lizards
  A goblin zombie (Ossuary)
  6 hobgoblin zombies (Ossuary)
  5 kobold zombies (Ossuary)
  4 quokka zombies (Ossuary)
  5 rats
332 creatures vanquished.

Vanquished Creatures (collateral kills)
  Josephine (D:10)
  A two-headed ogre (D:9)
  Amaemon (D:8)
  A moth of wrath (shapeshifter) (D:8)
  An elephant (Lair:2)
  3 komodo dragons
  A troll (D:11)
  6 yaks
  2 wraiths (D:10)
  A basilisk (Lair:2)
  A neqoxec (Gauntlet)
  3 water moccasins
  3 orc warriors (D:9)
  A kobold brigand (D:9)
  A bullfrog (Lair:1)
  A scorpion (D:6)
  2 centaur zombies (Ossuary)
  An orc priest (D:9)
  3 orc wizards (D:9)
  A mummy (Ossuary)
  2 adder zombies (Ossuary)
  An orc (D:9)
  A hobgoblin zombie (Ossuary)
  A kobold (D:9)
  An orc zombie (Ossuary)
41 creatures vanquished.

Vanquished Creatures (others)
  A knight (Lair:2)
  A gnoll (D:7)
  10 fungi
  30 plants
42 creatures vanquished.

Grand Total: 415 creatures vanquished

Notes
Turn   | Place    | Note
-------+----------+-------------------------------------------
     0 | D:1      | Newt the Demonspawn Gladiator began the quest for the Orb.
     0 | D:1      | Reached XP level 1. HP: 16/16 MP: 1/1
    64 | D:1      | Reached skill level 1 in Stealth
   153 | D:1      | Discovered your monstrous ancestry.
   153 | D:1      | Gained mutation: You have large cloven feet. [demonic
                  | ancestry]
   153 | D:1      | Reached XP level 2. HP: 22/22 MP: 2/2
   874 | D:2      | Gained mutation: You have sharp fingernails. [demonic
                  | ancestry]
   874 | D:2      | Reached XP level 3. HP: 27/27 MP: 3/3
   978 | D:1      | Gained mutation: You have a small tail. [demonic ancestry]
   978 | D:1      | Reached XP level 4. HP: 5/33 MP: 4/4
  1726 | D:2      | Found a faded altar of an unknown god.
  1986 | D:3      | Noticed Natasha
  2008 | D:3      | Killed Natasha
  2009 | D:3      | Reached skill level 1 in Maces & Flails
  2009 | D:3      | Gained mutation: You have hoof-like feet. [demonic
                  | ancestry]
  2009 | D:3      | Reached XP level 5. HP: 23/38 MP: 5/5
  2348 | D:3      | Noticed Natasha
  2351 | D:3      | Killed Natasha
  2389 | D:3      | Noticed Natasha
  2394 | D:3      | Killed Natasha
  2424 | D:3      | Identified the +2 hand axe of Dissolution {holy, *Rage
                  | Will+ Dex+3 SInv}
  2452 | D:3      | Noticed Jessica
  2459 | D:3      | Killed Jessica
  2810 | D:4      | Reached XP level 6. HP: 44/44 MP: 6/6
  2844 | D:4      | Found a staircase to the Ecumenical Temple.
  2864 | D:4      | Identified the +9 sling of the Crypt {elec, rPois Dex+3}
  2952 | Temple   | Entered the Ecumenical Temple
  2952 | Temple   | Found a transporter.
  2952 | Temple   | Found a transporter.
  2954 | Temple   | Found a transporter.
  2954 | Temple   | Found a transporter.
  2994 | Temple   | Became a worshipper of Hepliaklqana the Forgotten
  3101 | D:4      | Found an ornate altar of the Wu Jian Council.
  3209 | D:4      | HP: 2/46 [orc/+0 trident (3)]
  3636 | D:4      | Found a hide-covered altar of Uskayaw.
  3730 | D:5      | Entered Level 5 of the Dungeon
  3731 | D:5      | Noticed Pikel
  3740 | D:5      | Killed Pikel
  3741 | D:5      | Reached skill level 3 in Ranged Weapons
  3741 | D:5      | Gained mutation: You have a tail ending in a sharp stinger.
                  | [demonic ancestry]
  3741 | D:5      | Reached XP level 7. HP: 49/54 MP: 7/7
  3742 | D:5      | Reached skill level 4 in Ranged Weapons
  3791 | D:5      | Gained mutation: You have very sharp fingernails. [demonic
                  | ancestry]
  3791 | D:5      | Reached XP level 8. HP: 28/60 MP: 8/8
  4256 | D:5      | Reached skill level 5 in Ranged Weapons
  4270 | D:5      | Found a basalt altar of Yredelemnul.
  4601 | D:5      | Reached skill level 6 in Ranged Weapons
  5010 | D:6      | Identified a scroll of acquirement
  5014 | D:6      | Acquired the ring "Heyzitz" {rElec rF- Dex+5 SInv}
  5022 | D:6      | Reached * piety under Hepliaklqana
  5071 | D:6      | Reached skill level 5 in Dodging
  5185 | D:6      | Reached skill level 5 in Fighting
  5306 | D:6      | Reached XP level 9. HP: 62/62 MP: 9/9
  5546 | D:7      | Found a broken altar of Ashenzari.
  5546 | D:7      | Found a sacrificial altar of Ru.
  5627 | D:7      | Reached skill level 1 in Spellcasting
  5877 | D:7      | Reached ** piety under Hepliaklqana
  5878 | D:7      | Remembered your ancestor Sextus as a knight
  5918 | D:7      | Reached skill level 1 in Fire Magic
  6303 | D:8      | Found a sand-covered staircase.
  6308 | Ossuary  | Entered an ossuary
  6516 | Ossuary  | Noticed Menkaure
  6520 | Ossuary  | Killed Menkaure
  6521 | Ossuary  | Reached skill level 1 in Hexes
  6721 | D:8      | Reached XP level 10. HP: 68/68 MP: 16/16
  6959 | D:8      | Noticed Amaemon
  6960 | D:8      | Noticed an orange demon
  6968 | D:8      | Killed Amaemon
  6972 | D:8      | Killed an orange demon
  6973 | D:8      | Reached skill level 5 in Maces & Flails
  6982 | D:8      | Noticed a moth of wrath
  6985 | D:8      | Killed a moth of wrath
  7684 | D:9      | Reached *** piety under Hepliaklqana
  7910 | D:9      | Learned a level 3 spell: Inner Flame
  7976 | D:9      | Found a staircase to the Orcish Mines.
  8092 | D:9      | Found a burning altar of Makhleb.
  8298 | D:9      | Noticed a two-headed ogre
  8302 | D:9      | Killed a two-headed ogre
  8303 | D:9      | Reached skill level 5 in Fire Magic
  8725 | D:10     | Entered Level 10 of the Dungeon
  8825 | D:10     | Noticed Josephine
  8830 | D:10     | Killed Josephine
  8831 | D:10     | Gained mutation: Your demonic aura sometimes causes spilled
                  | blood to erupt in flames. [demonic ancestry]
  8831 | D:10     | Reached XP level 11. HP: 72/72 MP: 17/17
  8920 | D:10     | Identified the +1 ring mail "Wozeuts" {rF+}
  9264 | D:10     | Noticed Grum
  9268 | D:10     | Killed Grum
  9269 | D:10     | Reached skill level 5 in Spellcasting
  9302 | D:10     | Reached **** piety under Hepliaklqana
  9764 | D:10     | Reached skill level 5 in Hexes
  9963 | D:11     | Found a staircase to the Lair.
  9974 | D:11     | Acquired 560 gold pieces
 10204 | D:11     | Noticed Snorg
 10208 | D:11     | Killed Snorg
 10349 | D:11     | Reached skill level 7 in Ranged Weapons
 10513 | D:11     | Noticed a two-headed ogre
 10518 | D:11     | Killed a two-headed ogre
 10519 | D:11     | Reached XP level 12. HP: 79/79 MP: 21/21
 10591 | Lair:1   | Entered Level 1 of the Lair of Beasts
 10600 | Lair:1   | Reached skill level 8 in Ranged Weapons
 10684 | D:11     | Reached skill level 9 in Ranged Weapons
 11268 | Lair:1   | Reached skill level 10 in Ranged Weapons
 11298 | Lair:1   | Identified the +5 dire flail "Hemut" {heavy, Str+7}
 11567 | Lair:1   | Reached ***** piety under Hepliaklqana
 11749 | Lair:2   | Noticed Erica
 11757 | Lair:2   | Killed Erica
 11835 | Lair:2   | Noticed Prince Ribbit
 11839 | Lair:2   | Killed Prince Ribbit
 11912 | Lair:2   | Found a staircase to the Snake Pit.
 11981 | Lair:2   | Found a staircase to the Shoals.
 11982 | Lair:2   | Noticed Urug
 11998 | Lair:2   | Killed Urug
 12007 | Lair:2   | Reached skill level 1 in Armour
 12342 | Lair:2   | Noticed a seven-headed hydra
 12354 | Lair:2   | Killed a seven-headed hydra
 12521 | Lair:2   | Gained mutation: You have a sharp stinger which inflicts
                  | weakening toxins. [demonic ancestry]
 12521 | Lair:2   | Reached XP level 13. HP: 83/83 MP: 22/22
 13308 | Lair:3   | Reached skill level 5 in Armour
 13341 | Lair:3   | Found a gate leading to a gauntlet.
 13350 | Gauntlet | Entered a Gauntlet
 13350 | Gauntlet | Found a transporter.
 13350 | Gauntlet | Found a transporter.
 13350 | Gauntlet | Found a transporter.
 13363 | Gauntlet | Found a transporter.
 13363 | Gauntlet | Found a transporter.
 13371 | Gauntlet | Found a transporter.
 13374 | Gauntlet | Found a transporter.
 13387 | Gauntlet | Found a transporter.
 13400 | Gauntlet | Found a transporter.
 13417 | Gauntlet | Found a transporter.
 13420 | Gauntlet | Found a transporter.
 13430 | Gauntlet | Found a transporter.
 13737 | Gauntlet | Slain by a harpy simulacrum

Illustrated notes

Levels and vault maps discovered:
D:1:      dpeg_arrival_short_road, layout_rooms
D:2:      layout_rooms, hellmonk_ecumenical_altar_crossroads,
          minmay_strange_pillars
D:3:      layout_loops_ring, uniq_natasha, uniq_jessica
D:4:      layout_basic, nicolae_uskayaw_dance_hall,
          mainiacjoe_overflow_cross_hatched, minmay_temple_entry_butterflies,
          hangedman_decor_opposing, nicolae_kite_square_tiling_tiny,
          supply_closet_lemuel
D:5:      mumra_celtic_spiral_tile, layout_rooms, old_standard_altar, uniq_pikel
D:6:      layout_basic, kennysheep_crisscross, grunt_ministairs_1,
          serial_bayou_crossing
D:7:      layout_basic, gammafunk_temple_overflow_wave
D:8:      layout_loops_corners, enter_ossuary_2, uniq_amaemon
D:9:      layout_irregular_city, erik_orc_1, david_defended_altar_orc
D:10:     layout_roguey, uniq_josephine, uniq_grum
D:11:     layout_loops_cross, erik_lair_island, uniq_snorg
Temple:   hellmonk_temple_divided_pantheon
Lair:1:   layout_chaotic_city, st_stairs_10, serial_bayou_pond_b
Lair:2:   layout_regular_city, shoals_dummy_entry, guppyfry_snake_entry_garden,
          serial_rivers, chequers_serial_rivers_small_a,
          chequers_serial_rivers_small_3, chequers_serial_rivers_room_a,
          chequers_serial_rivers_micro_a, chequers_serial_rivers_marsh,
          chequers_serial_rivers_small_3, grunt_forest_stairs_basic, uniq_urug,
          uniq_erica, uniq_prince_ribbit2
Lair:3:   layout_misc_corridors, gauntlet_entry_generic
Gauntlet: minmay_gauntlet_mixed_big_or_small [nicolae_gauntlet_arena_t_cross,
          minmay_gauntlet_arena_77_double_cross,
          gammafunk_gauntlet_arena_arrow_garden,
          minmay_gauntlet_arena_77_hold_the_fort, nicolae_gauntlet_arena_x,
          minmay_gauntlet_arena_77_block_sizes,
          nicolae_gauntlet_exit_dead_adventurers]

Skill      XL: |  1  2  3  4  5  6  7  8  9 10 11 12 13 |
---------------+----------------------------------------+-----
Stealth        | 1 2 4 |  4.0
Throwing       | 2 3 4 |  4.0
Maces & Flails | 1 3 4 8 |  8.0
Fighting       | 4 5 6 |  6.0
Ranged Weapons | 3 4 6 7 10 | 10.0
Dodging        | 5 8 |  8.0
Spellcasting   | 4 6 |  6.0
Fire Magic     | 4 6 8 |  8.0
Hexes          | 3 4 6 |  6.0
Armour         | 3 6 |  6.0
Short Blades   | |  2.6

Action                   |  1- 3 |  4- 6 |  7- 9 | 10-12 | 13-15 || total
-------------------------+-------+-------+-------+-------+-------++-------
Melee: Rapier            |    61 |       |       |       |       ||    61
       Kick              |    10 |    20 |       |       |       ||    30
       Flail             |     7 |    96 |       |       |       ||   103
       Tailslap          |       |     8 |       |       |       ||     8
 Fire: Sling             |       |     7 |   214 |   418 |    58 ||   697
Throw: Throwing net      |     6 |     1 |       |     1 |       ||     8
 Cast: Inner Flame       |       |       |       |    17 |     7 ||    24
Invok: Ancestor Life: Kn |       |       |     1 |       |       ||     1
       Recall Ancestor   |       |       |       |     2 |       ||     2
  Use: Scroll            |       |     5 |    13 |     5 |       ||    23
       Potion            |       |     4 |     2 |     5 |       ||    11
 Stab: Held in net/web   |     2 |       |       |       |       ||     2
       Sleeping          |     1 |     3 |       |       |       ||     4
Armor: Leather armour    |    28 |    18 |    11 |    16 |       ||    73
       Ring mail         |       |       |       |    21 |    12 ||    33
Dodge: Dodged            |    52 |    93 |    25 |   118 |    35 ||   323
Block: Other             |       |       |       |       |     5 ||     5

Table legend: (Time is in decaauts)
 A = Elapsed time spent in this place.
 B = Non-inter-level travel time spent in this place.
 C = Inter-level travel time spent in this place.
 D = Time resting spent in this place.
 E = Time spent auto-exploring this place.
 F = Levels seen in this place.
 G = Mean time per level.
                   A        B        C        D        E       F      G
               +--------+--------+--------+--------+--------+-----+--------+
         Total |  13862 |  13401 |    461 |   2994 |   8266 |  17 |  815.4 |
       Dungeon |  10719 |  10335 |    384 |   2494 |   6388 |  11 |  974.5 |
        Temple |     57 |     32 |     25 |      0 |      5 |   1 |   57.0 |
          Lair |   2325 |   2274 |     51 |    375 |   1469 |   3 |  775.0 |
       Ossuary |    373 |    373 |      0 |      0 |    252 |   1 |  373.0 |
      Gauntlet |    386 |    386 |      0 |    125 |    152 |   1 |  386.0 |
               +--------+--------+--------+--------+--------+-----+--------+

Top non-repeatable levels by time:
     D:5: 1287 daAuts
  Lair:2: 1248 daAuts
     D:1: 1245 daAuts
    D:10: 1219 daAuts
    D:11: 1118 daAuts
     D:9: 1061 daAuts
     D:8: 1020 daAuts
     D:4: 955 daAuts
     D:3: 888 daAuts
     D:7: 774 daAuts
  Lair:1: 685 daAuts
     D:2: 615 daAuts
     D:6: 533 daAuts
  Lair:3: 392 daAuts
Gauntlet: 386 daAuts
